Map: Ruby Rock LE

Players

ludomtb

  • Race: Protoss Protoss
  • League: Gold
  • Spawn Location: 5:00

Sindyr - Winner!

  • Race: Zerg Zerg
  • League: Master
  • Spawn Location: 11:00

VOD

Have the link to the VOD?

Description

Time

  • Played on: Jan. 19, 2026, 7:16 a.m.
  • Length: 28:25
Show
View Real Time Build Order
Export as new Build Order

ludomtb Protoss 

Build Orders: Nexus First, Carriers 

Get SALT Encoding   

  12  0:29  Probe  
  13  0:37  Probe  
  14  0:46  Nexus  
  14  0:54  Pylon  
  14  0:57  Probe  
  15  1:08  Probe  
  15  1:16  Probe  
  16  1:24  Gateway  
  17  1:27  Probe  
  18  1:39  Forge  
  18  1:41  Probe  
  19  1:50  Pylon  
  19  1:53  Probe  
  20  1:55  Probe  
  21  2:03  Probe  
  21  2:06  Assimilator  
  22  2:08  Probe  
  22  2:13  Probe  
  23  2:17  Photon Cannon  
  24  2:25  Probe  
  24  2:29  Pylon  
  25  2:34  Photon Cannon  
  25  2:37  Probe  
  25  2:40  Zealot  
  25  2:41  Probe  
  28  2:49  Probe  
  28  2:50  Probe  
  30  2:54  Cybernetics Core  
  31  3:00  Assimilator  
  31  3:04  Probe  
  31  3:09  Assimilator  
  31  3:10  Probe  
  32  3:12  Probe  
  32  3:14  Assimilator  
  32  3:18  Probe  
  35  3:28  Stalker, Probe  
  38  3:40  Probe  
  40  3:41  Probe  
  40  3:50  Protoss Ground Weapons Level 1  
  40  3:52  Probe  
  40  3:53  Probe  
  40  3:55  Stalker  
  42  3:58  Shield Battery  
  42  4:01  Gateway  
  44  4:04  Pylon, Probe  
  44  4:05  Probe  
  46  4:13  Probe  
  47  4:21  Probe  
  47  4:22  Stalker  
  47  4:23  Pylon  
  47  4:27  Stargate  
  47  4:31  Probe  
  51  4:42  Probe  
  51  4:43  Probe  
  53  4:50  Zealot  
  53  4:52  Sentry  
  57  4:54  Probe  
  57  4:55  Probe  
  59  5:00  Gateway  
  59  5:06  Probe, Pylon  
  60  5:09  Pylon  
  60  5:15  Zealot  
  60  5:17  Zealot  
  60  5:18  Probe  
  60  5:20  Void Ray  
  69  5:30  Probe  
  70  5:41  Nexus  
  70  5:43  Probe  
  70  5:44  Zealot  
  73  5:56  Probe  
  74  6:00  Zealot x2  
  78  6:07  Protoss Shields Level 1  
  78  6:08  Stalker  
  80  6:24  Stalker  
  80  6:31  Assimilator  
  82  6:32  Assimilator  
  82  6:34  Void Ray  
  86  6:44  Protoss Air Weapons Level 1  
  86  6:48  Robotics Facility  
  86  6:55  Pylon  
  74  7:50  Probe  
  75  8:03  Probe  
  75  8:05  Robotics Bay, Void Ray  
  80  8:06  Stalker x3, Fleet Beacon  
  80  8:08  Nexus  
  86  8:13  Protoss Ground Armor Level 1  
  86  8:15  Probe  
  86  8:19  Pylon  
  87  8:20  Pylon  
  87  8:24  Pylon  
  87  8:26  Pylon  
  87  8:27  Probe  
  87  8:28  Assimilator  
  87  8:29  Twilight Council  
  87  8:33  Assimilator, Stalker x3  
  88  8:37  Pylon  
  88  8:38  Protoss Air Armor Level 1  
  88  8:39  Probe  
  88  8:40  Stargate  
  95  8:43  Void Ray  
  95  8:48  Probe, Photon Cannon  
  99  8:51  Photon Cannon  
  100  8:56  Probe  
  100  9:00  Stalker x3  
  101  9:06  Probe  
  108  9:13  Carrier  
  108  9:18  Probe  
  108  9:20  Colossus  
  108  9:23  Probe  
  122  9:27  Stalker x3  
  122  9:30  Probe  
  129  9:31  Probe  
  129  9:38  Mothership  
  138  9:39  Probe  
  139  9:51  Protoss Ground Weapons Level 2  
  139  9:54  Stalker x3  
  139  9:57  Dark Shrine  
  139  9:58  Extended Thermal Lance  
  145  10:09  Probe  
  145  10:14  Colossus, Protoss Air Weapons Level 2  
  152  10:21  Probe  
  152  10:26  Tempest  
  157  10:33  Probe  
  157  10:35  Sentry  
  160  10:41  Shield Battery  
  160  10:44  Shield Battery  
  160  10:48  Photon Cannon  
  160  10:50  Photon Cannon  
  160  11:05  Pylon  
  160  11:07  Pylon  
  160  11:10  Pylon, Dark Templar  
  160  11:11  Dark Templar  
  164  11:13  Carrier  
  164  11:14  Pylon  
  164  11:17  Carrier  
  164  11:23  Dark Templar  
  172  11:29  Stargate  
  178  11:50  Dark Templar  
  180  12:00  Assimilator  
  180  12:05  Protoss Shields Level 2  
  178  12:19  Dark Templar x2  
  181  12:27  Photon Cannon  
  181  12:28  Protoss Air Armor Level 2, Colossus  
  187  12:38  Pylon  
  187  12:55  Forge  
  187  13:01  Nexus  
  187  13:03  Pylon  
  195  13:06  Pylon  
  195  13:08  Void Ray x2  
  195  13:20  Gravitic Boosters  
  195  13:21  Observer  
  196  13:31  Photon Cannon  
  196  13:39  Observer  
  197  13:50  Blink  
  197  13:51  Flux Vanes  
  191  14:26  Sentry  
  177  15:05  Protoss Air Weapons Level 3  
  174  15:24  Carrier x3  
  124  15:57  Probe  
  124  16:00  Mothership  
  133  16:06  Probe  
  133  16:09  Probe  
  135  16:15  Dark Templar  
  135  16:18  Carrier x2, Probe  
  119  16:21  Probe  
  103  16:28  Unknown, Carrier  
  103  16:31  Probe  
  100  16:33  Probe  
  100  16:35  Pylon x2  
  101  16:43  Probe  
  101  16:45  Probe  
  103  16:51  Dark Templar  
  103  16:55  Probe  
  106  17:07  Gateway  
  106  17:08  Gateway  
  106  17:09  Gateway  
  106  17:13  Probe x2  
  106  17:14  Pylon  
  107  17:17  Pylon  
  107  17:21  Probe  
  107  17:22  Carrier x2  
  120  17:23  Assimilator  
  120  17:25  Probe  
  120  17:29  Charge  
  122  17:30  Dark Templar, Probe  
  122  17:33  Carrier  
  131  17:38  Probe  
  131  17:42  Probe  
  133  17:50  Probe  
  134  17:54  Protoss Air Armor Level 3  
  132  18:00  Nexus  
  132  18:02  Probe  
  130  18:06  Zealot  
  130  18:15  Zealot x3  
  138  18:26  Carrier  
  150  18:27  Carrier  
  150  18:33  Zealot  
  152  18:37  Carrier  
  158  18:42  Zealot  
  152  19:03  Probe  
  153  19:13  Protoss Ground Weapons Level 3  
  153  19:14  Pylon  
  153  19:15  Probe  
  154  19:18  Zealot x2  
  154  19:19  Dark Templar x2  
  154  19:21  Carrier  
  154  19:22  Assimilator  
  162  19:24  Probe  
  162  19:27  Assimilator  
  162  19:31  Carrier  
  175  19:32  Probe  
  175  19:38  Dark Templar  
  176  19:41  Probe  
  176  19:42  Sentry  
  176  19:43  Photon Cannon  
  181  19:53  Probe  
  181  19:58  Dark Templar  
  181  19:59  Colossus  
  184  20:05  Probe  
  152  20:37  Assimilator  
  152  20:38  Colossus  
  158  21:02  Zealot x4  
  174  21:05  Void Ray x2  
  174  21:20  Zealot  
  174  21:27  Observer  
  174  21:29  Zealot x2  
  174  21:30  Zealot  
  183  21:45  Observer  
  183  21:47  Dark Templar  
  186  21:56  Zealot, Dark Templar  
  186  21:57  Dark Templar  
  186  21:59  Carrier  
  196  23:33  Nexus  
  196  23:36  Assimilator  
  196  23:48  Assimilator  
  196  24:09  Mothership  
  198  24:31  Pylon  
  198  24:33  Pylon  
  198  24:35  Pylon  
  198  24:39  Pylon  
  198  24:42  Pylon  
  198  24:52  Photon Cannon  
  198  24:53  Protoss Shields Level 3  
  198  24:55  Photon Cannon  
  198  24:57  Photon Cannon  
  198  24:58  Photon Cannon  
  194  25:00  Photon Cannon  
  194  25:03  Photon Cannon, Shield Battery  
  194  25:05  Shield Battery  
  184  25:08  Shield Battery, Pylon, Void Ray  
  184  25:09  Void Ray x2, Photon Cannon  
  184  25:10  Pylon  
  184  25:11  Photon Cannon  
  184  25:12  Shield Battery  
  194  25:14  Shield Battery  
  194  25:16  Photon Cannon  
  194  25:18  Photon Cannon  
  194  25:41  Void Ray  
  198  25:55  Void Ray x2  
  190  26:14  Carrier  
  200  26:38  Void Ray  
  150  26:59  Stalker  
  150  27:00  Stalker x3  
  94  27:17  Stalker  
  94  27:18  Stalker  
  94  27:21  Void Ray  
  86  27:24  Void Ray  
  86  27:27  Stalker x2  
  78  27:44  Stalker x2  
  82  27:54  Stalker x2  
  92  28:13  Assimilator  
Show
View Real Time Build Order
Export as new Build Order

Sindyr Zerg - Winner!

Build Orders: Pool First, Roach Hydra 

Get SALT Encoding   

  12  0:02  Drone  
  13  0:11  Drone  
  14  0:16  Extractor, Drone  
  15  0:22  Overlord  
  15  0:41  Drone  
  16  0:45  Drone  
  16  0:46  Spawning Pool  
  16  0:49  Drone  
  17  1:10  Hatchery  
  16  1:14  Drone  
  17  1:18  Extractor  
  17  1:19  Drone  
  17  1:20  Drone  
  18  1:30  Overlord  
  18  1:39  Queen  
  20  1:51  Drone x2  
  22  2:15  Queen  
  24  2:21  Metabolic Boost  
  24  2:23  Queen  
  24  2:26  Drone x2  
  24  2:27  Drone  
  29  2:30  Drone  
  29  2:35  Drone  
  31  2:46  Overlord  
  31  3:01  Drone x3  
  31  3:02  Drone x2  
  36  3:14  Lair  
  36  3:15  Hatchery  
  35  3:41  Extractor  
  34  3:44  Drone x8, Roach Warren  
  41  4:22  Drone x4, Evolution Chamber  
  44  4:24  Overlord  
  44  4:25  Overlord, Evolution Chamber  
  43  4:34  Glial Reconstitution  
  43  4:42  Extractor  
  42  4:48  Spore Crawler  
  42  4:49  Spore Crawler x2  
  42  4:51  Zerg Missile Weapons Level 1, Zerg Ground Armor Level 1  
  39  4:59  Queen  
  42  5:07  Drone x6  
  42  5:08  Drone  
  42  5:13  Extractor  
  47  5:23  Overlord x3  
  47  5:35  Zergling x2  
  48  5:36  Zergling x10, Roach x2  
  48  5:37  Roach x3  
  63  6:02  Drone x3, Hydralisk Den  
  63  6:03  Infestation Pit  
  64  6:14  Roach  
  64  6:15  Roach x8  
  82  6:25  Overlord x3  
  82  6:42  Muscular Augments  
  82  6:44  Spine Crawler  
  81  6:50  Spine Crawler  
  79  7:03  Roach x10  
  79  7:05  Roach, Zergling x4  
  98  7:13  Overlord x2  
  96  7:31  Hive  
  96  7:35  Hydralisk x2  
  96  7:36  Hydralisk, Roach  
  94  7:55  Drone x9  
  94  7:56  Drone  
  104  8:22  Extractor  
  104  8:24  Overlord x2  
  103  8:28  Zerg Missile Weapons Level 2, Zerg Ground Armor Level 2  
  103  8:39  Drone x4  
  103  8:40  Drone x2  
  109  8:58  Hatchery  
  108  9:05  Spore Crawler, Extractor  
  108  9:06  Spore Crawler, Drone x2  
  108  9:07  Drone, Spore Crawler  
  107  9:14  Pneumatized Carapace  
  107  9:16  Grooved Spines  
  107  9:23  Spore Crawler  
  106  9:25  Spore Crawler x2  
  104  9:32  Spine Crawler  
  103  9:48  Hydralisk x9  
  103  9:49  Roach, Hatchery  
  103  9:51  Roach  
  124  10:05  Drone x3  
  124  10:06  Drone x3  
  130  10:37  Overlord x5  
  130  10:45  Zerg Missile Weapons Level 3  
  130  10:46  Zerg Ground Armor Level 3  
  130  10:49  Queen  
  130  10:52  Drone x3  
  130  10:55  Hydralisk  
  130  10:56  Hydralisk x4  
  143  10:59  Roach  
  147  11:11  Unknown, Overlord  
  147  11:21  Hydralisk x5, Roach x2  
  147  11:22  Roach  
  147  11:24  Roach  
  165  11:27  Overseer  
  165  11:43  Drone x9  
  165  11:44  Drone x3  
  165  11:45  Drone  
  165  11:46  Drone  
  179  11:47  Drone  
  179  11:49  Drone  
  180  12:26  Spine Crawler  
  180  12:28  Spine Crawler  
  178  12:36  Overlord x4  
  178  13:07  Spine Crawler  
  178  13:08  Spine Crawler  
  178  13:09  Spine Crawler  
  178  13:10  Spore Crawler  
  178  13:12  Spore Crawler  
  173  13:13  Drone x3  
  173  13:16  Hydralisk x5, Spore Crawler  
  173  13:17  Hydralisk x3, Roach x4  
  198  14:22  Queen  
  200  14:28  Extractor  
  200  14:30  Extractor  
  198  15:19  Overlord x2  
  172  15:38  Hydralisk x13  
  172  15:39  Hydralisk x7, Roach x2  
  172  15:40  Hydralisk, Roach x5  
  186  15:49  Hydralisk x2, Roach  
  158  15:50  Roach x14, Hydralisk x7  
  158  15:51  Roach, Hydralisk x5  
  158  15:52  Roach x3, Hydralisk  
  200  16:04  Hydralisk  
  168  16:24  Hydralisk  
  168  16:25  Hydralisk x7, Roach x2  
  154  16:26  Roach x7, Hydralisk x4  
  154  16:27  Roach  
  176  16:42  Zergling x2  
  176  16:43  Zergling x12  
  173  17:13  Hydralisk x13  
  199  17:19  Overseer  
  199  17:20  Overseer  
  195  18:09  Spire  
  195  18:10  Spire  
  188  18:41  Hatchery  
  188  18:46  Hydralisk x15  
  188  18:47  Hydralisk x2  
  188  18:48  Hydralisk  
  193  19:15  Extractor  
  193  19:16  Corruptor x4, Extractor  
  199  20:02  Hatchery  
  199  20:04  Zerg Flyer Armor Level 1, Zerg Flyer Weapons Level 1  
  192  20:09  Hatchery  
  140  20:16  Corruptor  
  140  20:17  Corruptor x18  
  106  21:04  Mutalisk x4, Corruptor x2  
  106  21:05  Corruptor  
  106  21:10  Mutalisk  
  122  21:48  Corruptor x4, Mutalisk x2  
  122  21:52  Spore Crawler  
  133  21:54  Spore Crawler  
  133  21:55  Extractor, Spore Crawler  
  133  21:56  Extractor  
  129  22:05  Zerg Flyer Weapons Level 2  
  129  22:08  Zerg Flyer Armor Level 2  
  129  22:22  Zergling x22  
  140  22:23  Zergling x60  
  140  22:24  Zergling x60  
  197  22:58  Corruptor  
  153  23:21  Mutalisk x2, Corruptor x2  
  153  23:22  Mutalisk x4, Corruptor x5  
  171  23:50  Hatchery  
  171  23:55  Hatchery  
  162  24:17  Corruptor x10  
  162  24:19  Corruptor  
  184  24:51  Overlord, Mutalisk x2  
  186  24:53  Corruptor  
  186  24:54  Corruptor x3  
  191  25:21  Queen  
  193  25:41  Mutalisk x2  
  193  25:42  Corruptor  
  196  26:11  Spire  
  196  26:12  Spire  
  196  26:13  Lair  
  194  26:23  Mutalisk x2, Corruptor  
  89  27:25  Mutalisk x10  
  89  27:26  Mutalisk x6  
  89  27:28  Zergling x36  
  137  27:50  Mutalisk x2  
  137  27:51  Mutalisk  
Tags
 
Add a new tag
Caveats
  • Supply blocks, unpowered buildings, or Contaminate may cause inaccurate times.
  • Supply counts are checked every 10 seconds.